cohdb
Replays
Latest Replays
All Replays
Popular Replays
Top Player Replays
Match Explorer
How It Works
Community
CoH3 Stats
Reddit
Sign in to upload your games and track your stats! →
Sign in with Steam
Match 45991245
Unlisted
Match 45991245
Overview
Messages
Build Orders
End
Construct Infanterie Kompanie
Selects Terror Battlegroup
Kettenkrad Recon Vehicle
MG 42 Machine Gun Team
MG 42 Machine Gun Team
Selects Machine Gun Camouflage
Grenadier Squad
Grenadier Squad
Selects Contempt for the Weak
Grenadier Squad
Infanterie Officer Quarters
Construct Luftwaffe Kompanie
Selects No Quarter
221 Scout Car
Hauptmann Klenzendorf (Capt. K)
MullaOmar
Llamafood
Genki
0
0
Comments
sign in to comment!
No comments posted yet!